TOP OF THE 1ST |
Minnesota Death Stars batting - Pitching for Manhatten Meatheads : RHP Daniel Carter
|
Pitching: RHP Daniel Carter
|
|
Batting: LHB Emílio Montoya
|
0-0: Ball 1-0: Called Strike 1-1: Ball 2-1: Ball 3-1: Base on Balls
|
Batting: SHB Jason Mason
|
0-0: Ball 1-0: Called Strike 1-1: Ball 2-1: Fly out, F9 (Flyball, 89S)
|
Batting: RHB Gabriel Ángel
|
0-0: Ball 1-0: Ball 2-0: Called Strike 2-1: Called Strike 2-2: Foul Ball, location: 2F 2-2: SINGLE (Flyball, 8RS) Emílio Montoya to second Emílio Montoya to third
|
Batting: RHB Mario Solís
|
0-0: Ball 1-0: SINGLE (Groundball, 56D) Emílio Montoya scores Gabriel Ángel to second
|
Batting: LHB Sergio Luna
|
0-0: Ball 1-0: Fielders Choice at 2nd, 1-6 (Groundball, 13S) Gabriel Ángel to third
|
Batting: RHB Kris Ballard
|
0-0: Ball 1-0: Foul Ball, location: 2F 1-1: Foul Ball, location: 2F 1-2: Strikes out swinging
|
Top of the 1st over - 1 run(s), 2 hit(s), 0 error(s), 2 left on base; Minnesota 1 - Manhatten 0 |
BOTTOM OF THE 1ST |
Manhatten Meatheads batting - Pitching for Minnesota Death Stars : RHP Tracy Key
|
Pitching: RHP Tracy Key
|
|
Batting: SHB Cornell Payne
|
0-0: Foul Ball, location: 2F 0-1: Fly out, F7 (Flyball, 7LM)
|
Batting: RHB Denver Baker
|
0-0: Swinging Strike 0-1: Ball 1-1: Ball 2-1: Swinging Strike 2-2: Strikes out swinging
|
Batting: LHB Juan Hernández
|
0-0: Foul Ball, location: 2F 0-1: Ball 1-1: Fly out, F9 (Line Drive, 89M)
|
Bottom of the 1st over - 0 run(s), 0 hit(s), 0 error(s), 0 left on base; Minnesota 1 - Manhatten 0 |
TOP OF THE 2ND |
Minnesota Death Stars batting - Pitching for Manhatten Meatheads : RHP Daniel Carter
|
Batting: RHB Raúl Flores
|
0-0: Called Strike 0-1: Ball 1-1: Ground out 1-3 (Groundball, P)
|
Batting: RHB Tony Estrada
|
0-0: Called Strike 0-1: SINGLE (Groundball, 6MD)
|
Batting: RHB Sidney Smith
|
0-0: Ball 1-0: Called Strike 1-1: Ball 2-1: Foul Ball, location: 2F 2-2: Foul Ball, location: 2F 2-2: Strikes out looking Tony Estrada steals 2nd base Batter strikes out.
|
Batting: LHB Emílio Montoya
|
0-0: Called Strike 0-1: Foul Ball, location: 2F 0-2: Ball 1-2: Foul Ball, location: 2F 1-2: Ball 2-2: Strikes out swinging, 2-3 out at first.
|
Top of the 2nd over - 0 run(s), 1 hit(s), 0 error(s), 1 left on base; Minnesota 1 - Manhatten 0 |
BOTTOM OF THE 2ND |
Manhatten Meatheads batting - Pitching for Minnesota Death Stars : RHP Tracy Key
|
Batting: RHB Adrián López
|
0-0: Ball 1-0: Called Strike 1-1: Ball 2-1: Foul Ball, location: 2F 2-2: Ball 3-2: Foul Ball, location: 2F 3-2: Base on Balls
|
Batting: LHB Robbie Turner
|
0-0: Ball 1-0: Ball 2-0: Fly out, F7 (Flyball, 78S)
|
Batting: LHB Miguel Pérez
|
0-0: Ball 1-0: Grounds into double play, 3-6-3 (Groundball, 3)
|
Bottom of the 2nd over - 0 run(s), 0 hit(s), 0 error(s), 0 left on base; Minnesota 1 - Manhatten 0 |
TOP OF THE 3RD |
Minnesota Death Stars batting - Pitching for Manhatten Meatheads : RHP Daniel Carter
|
Batting: SHB Jason Mason
|
0-0: Fly out, F8 (Flyball, 8RM)
|
Batting: RHB Gabriel Ángel
|
0-0: Called Strike 0-1: Ball 1-1: Foul Ball, location: 2F 1-2: Ball 2-2: Ball 3-2: Base on Balls
|
Batting: RHB Mario Solís
|
0-0: Ball 1-0: Swinging Strike 1-1: Foul Ball, location: 2F 1-2: Strikes out swinging
|
Batting: LHB Sergio Luna
|
0-0: Ball 1-0: Ball 2-0: Ball 3-0: Called Strike 3-1: Swinging Strike 3-2: Base on Balls Gabriel Ángel to second
|
Batting: RHB Kris Ballard
|
0-0: Ball 1-0: Ball 2-0: Called Strike 2-1: Foul Ball, location: 2F 2-2: Foul Ball, location: 2F 2-2: Ball 3-2: Strikes out swinging
|
Top of the 3rd over - 0 run(s), 0 hit(s), 0 error(s), 2 left on base; Minnesota 1 - Manhatten 0 |
BOTTOM OF THE 3RD |
Manhatten Meatheads batting - Pitching for Minnesota Death Stars : RHP Tracy Key
|
Batting: LHB Brent Haynes
|
0-0: Called Strike 0-1: Ball 1-1: Ground out 6-3 (Groundball, 6S)
|
Batting: RHB Ramiro Santana
|
0-0: Called Strike 0-1: Swinging Strike 0-2: Hit by Pitch
|
Batting: SHB António Ramírez
|
0-0: Ball Ramiro Santana steals 2nd base 1-0: Called Strike 1-1: Called Strike Ramiro Santana steals 3rd base 1-2: Ball 2-2: Ball 3-2: Fly out, F8 (Flyball, 8RM) Runner from 3rd tags up, SCORES, no throw
|
Batting: SHB Cornell Payne
|
0-0: Ball 1-0: Called Strike 1-1: Foul Ball, location: 2F 1-2: Foul Ball, location: 2F 1-2: Ball 2-2: Ball 3-2: Base on Balls
|
Batting: RHB Denver Baker
|
0-0: Called Strike 0-1: Ball 1-1: Ball 2-1: Ball 3-1: Fly out, F9 (Flyball, 9LS)
|
Bottom of the 3rd over - 1 run(s), 0 hit(s), 0 error(s), 1 left on base; Minnesota 1 - Manhatten 1 |
TOP OF THE 4TH |
Minnesota Death Stars batting - Pitching for Manhatten Meatheads : RHP Daniel Carter
|
Batting: RHB Raúl Flores
|
0-0: Called Strike 0-1: Ball 1-1: Ball 2-1: Ball 3-1: Fly out, F7 (Flyball, 7S)
|
Batting: RHB Tony Estrada
|
0-0: Ball 1-0: Swinging Strike 1-1: Ball 2-1: Foul Ball, location: 2F 2-2: Strikes out swinging
|
Batting: RHB Sidney Smith
|
0-0: Called Strike 0-1: Ball 1-1: SINGLE (Groundball, 56D)
|
Batting: LHB Emílio Montoya
|
0-0: Called Strike 0-1: Called Strike 0-2: Fly out, F8 (Flyball, 8LM)
|
Top of the 4th over - 0 run(s), 1 hit(s), 0 error(s), 1 left on base; Minnesota 1 - Manhatten 1 |
BOTTOM OF THE 4TH |
Manhatten Meatheads batting - Pitching for Minnesota Death Stars : RHP Tracy Key
|
Batting: LHB Juan Hernández
|
0-0: DOUBLE (Line Drive, 9)
|
Batting: RHB Adrián López
|
0-0: Called Strike 0-1: Ball 1-1: Called Strike 1-2: Ball 2-2: Fly out, F8 (Flyball, 89M)
|
Batting: LHB Robbie Turner
|
0-0: DOUBLE (Line Drive, 8RD) Juan Hernández scores
|
Batting: LHB Miguel Pérez
|
0-0: Ground out 5-3 (Groundball, 56)
|
Batting: LHB Brent Haynes
|
0-0: Fly out, F6 (Popup, 6)
|
Bottom of the 4th over - 1 run(s), 2 hit(s), 0 error(s), 1 left on base; Minnesota 1 - Manhatten 2 |
TOP OF THE 5TH |
Minnesota Death Stars batting - Pitching for Manhatten Meatheads : RHP Daniel Carter
|
Batting: SHB Jason Mason
|
0-0: Ground out 4-3 (Groundball, 4)
|
Batting: RHB Gabriel Ángel
|
0-0: Foul Ball, location: 2F 0-1: SOLO HOME RUN (Flyball, 7LD), Distance : 349 ft
|
Batting: RHB Mario Solís
|
0-0: Ball 1-0: Called Strike 1-1: Foul Ball, location: 2F 1-2: Strikes out looking
|
Batting: LHB Sergio Luna
|
0-0: Ground out 4-3 (Groundball, 4MD)
|
Top of the 5th over - 1 run(s), 1 hit(s), 0 error(s), 0 left on base; Minnesota 2 - Manhatten 2 |
BOTTOM OF THE 5TH |
Manhatten Meatheads batting - Pitching for Minnesota Death Stars : RHP Tracy Key
|
Batting: RHB Ramiro Santana
|
0-0: Ball 1-0: Foul Ball, location: 2F 1-1: Ball 2-1: Swinging Strike 2-2: Ball 3-2: Base on Balls
|
Pitching: LHP Kurt Brown
|
|
Batting: SHB António Ramírez
|
0-0: Ball 1-0: Called Strike 1-1: Grounds into double play, 6-4-3 (Groundball, 6)
|
Batting: SHB Cornell Payne
|
0-0: Ball 1-0: Called Strike 1-1: Called Strike 1-2: Ball 2-2: Ball 3-2: Base on Balls
|
Batting: RHB Denver Baker
|
0-0: Ball Cornell Payne is caught stealing 2nd base
|
Bottom of the 5th over - 0 run(s), 0 hit(s), 0 error(s), 0 left on base; Minnesota 2 - Manhatten 2 |
TOP OF THE 6TH |
Minnesota Death Stars batting - Pitching for Manhatten Meatheads : RHP Daniel Carter
|
Pitching: RHP Will Tyler
|
|
Batting: RHB Kris Ballard
|
0-0: Foul Ball, location: 2F 0-1: Called Strike 0-2: Ball 1-2: Foul Ball, location: 2F 1-2: Strikes out swinging
|
Batting: RHB Raúl Flores
|
0-0: Called Strike 0-1: Called Strike 0-2: Fly out, F4 (Line Drive, 4D)
|
Batting: RHB Tony Estrada
|
0-0: Called Strike 0-1: Swinging Strike 0-2: Foul Ball, location: 2F 0-2: Ball 1-2: Ball 2-2: Ball 3-2: Strikes out looking
|
Top of the 6th over - 0 run(s), 0 hit(s), 0 error(s), 0 left on base; Minnesota 2 - Manhatten 2 |
BOTTOM OF THE 6TH |
Manhatten Meatheads batting - Pitching for Minnesota Death Stars : LHP Kurt Brown
|
Batting: RHB Denver Baker
|
0-0: Called Strike 0-1: Ball 1-1: Ball 2-1: Foul Ball, location: 2F 2-2: Fly out, F8 (Flyball, 78XD)
|
Batting: LHB Juan Hernández
|
0-0: Ball 1-0: Ground out 6-3 (Groundball, 6MS)
|
Batting: RHB Adrián López
|
0-0: Ball 1-0: Ground out 5-3 (Groundball, 56)
|
Bottom of the 6th over - 0 run(s), 0 hit(s), 0 error(s), 0 left on base; Minnesota 2 - Manhatten 2 |
TOP OF THE 7TH |
Minnesota Death Stars batting - Pitching for Manhatten Meatheads : RHP Will Tyler
|
Pinch Hitting: RHB Pat Bray
|
0-0: Called Strike 0-1: Swinging Strike 0-2: Foul Ball, location: 2F 0-2: Foul Ball, location: 2F 0-2: Strikes out swinging
|
Batting: LHB Emílio Montoya
|
0-0: Swinging Strike 0-1: Ball 1-1: SINGLE (Line Drive, 56D)
|
Batting: SHB Jason Mason
|
0-0: Foul Ball, location: 2F 0-1: Ball 1-1: Called Strike 1-2: Ball 2-2: Ball Pickoff Throw by Catcher to First - Error! E2 Emílio Montoya to second 3-2: Strikes out swinging
|
Batting: RHB Gabriel Ángel
|
0-0: Called Strike 0-1: Swinging Strike 0-2: Ball 1-2: SINGLE (Groundball, 5D) Emílio Montoya to third Runner from 3rd tries for Home, SAFE, no throw
|
Batting: RHB Mario Solís
|
0-0: Foul Ball, location: 2F 0-1: Ball 1-1: Swinging Strike 1-2: Strikes out swinging
|
Top of the 7th over - 1 run(s), 2 hit(s), 1 error(s), 1 left on base; Minnesota 3 - Manhatten 2 |
BOTTOM OF THE 7TH |
Manhatten Meatheads batting - Pitching for Minnesota Death Stars : LHP Kurt Brown
|
Now at SS: Pat Bray
|
|
Batting: LHB Robbie Turner
|
0-0: Ball 1-0: Ball 2-0: Called Strike 2-1: Ball 3-1: SINGLE (Groundball, 34D)
|
Pinch Hitting: RHB José Esparza
|
0-0: Ball 1-0: Ball 2-0: Bunt missed! 2-1: Bunted foul 2-2: Foul Ball, location: 2F 2-2: SINGLE (Line Drive, 9S) Robbie Turner to second Robbie Turner to third
|
Pitching: RHP Carlos Bojórquez
|
|
Batting: LHB Brent Haynes
|
0-0: Ball 1-0: Called Strike José Esparza steals 2nd base 1-1: Foul Ball, location: 2F 1-2: Ground out 4-3 (Groundball, 34)
|
Pinch Hitting: SHB José Sousa
|
0-0: Ball 1-0: Called Strike 1-1: Ball 2-1: Swinging Strike 2-2: Ball 3-2: Base on Balls
|
Batting: SHB António Ramírez
|
0-0: Swinging Strike 0-1: Called Strike 0-2: Ball 1-2: Strikes out looking
|
Batting: SHB Cornell Payne
|
0-0: Ball 1-0: SINGLE (Groundball, 4MD) Robbie Turner scores José Esparza to third José Sousa to second Runner from 3rd tries for Home, SAFE, no throw
|
Batting: RHB Denver Baker
|
0-0: Ball 1-0: SINGLE (Groundball, 34D) José Sousa to third Cornell Payne to second Runner from 3rd tries for Home, SAFE, no throw
|
Batting: LHB Juan Hernández
|
0-0: DOUBLE (Line Drive, 7LM) Cornell Payne scores Denver Baker to third Runner from 3rd tries for Home, throw and OUT!
|
Bottom of the 7th over - 4 run(s), 5 hit(s), 0 error(s), 1 left on base; Minnesota 3 - Manhatten 6 |
TOP OF THE 8TH |
Minnesota Death Stars batting - Pitching for Manhatten Meatheads : RHP Will Tyler
|
Now at 1B: José Sousa
|
|
Now at 2B: José Esparza
|
|
Batting: LHB Sergio Luna
|
0-0: Swinging Strike 0-1: Ball 1-1: Ball 2-1: SINGLE (Groundball, 4D)
|
Batting: RHB Kris Ballard
|
0-0: Called Strike 0-1: Swinging Strike 0-2: Ball 1-2: Fly out, F9 (Flyball, 9LM)
|
Batting: RHB Raúl Flores
|
0-0: Swinging Strike 0-1: Called Strike 0-2: Strikes out swinging
|
Batting: RHB Tony Estrada
|
0-0: Ball 1-0: Fielders Choice at 2nd, 5-4 (Groundball, 5)
|
Top of the 8th over - 0 run(s), 1 hit(s), 0 error(s), 0 left on base; Minnesota 3 - Manhatten 6 |
BOTTOM OF THE 8TH |
Manhatten Meatheads batting - Pitching for Minnesota Death Stars : RHP Carlos Bojórquez
|
Pitching: RHP Luis López
|
|
Batting: RHB Adrián López
|
0-0: Ball 1-0: Ball 2-0: Ball 3-0: Base on Balls
|
Batting: LHB Robbie Turner
|
0-0: Called Strike 0-1: Foul Ball, location: 2F 0-2: Foul Ball, location: 2F 0-2: Strikes out looking
|
Batting: RHB José Esparza
|
0-0: SINGLE (Groundball, 6) (infield hit) Adrián López to second
|
Batting: LHB Brent Haynes
|
0-0: Foul Ball, location: 2F 0-1: Ball 1-1: Fly out, F7 (Line Drive, 78M) Lined into DP, 7-4 (Line Drive, 78M)
|
Bottom of the 8th over - 0 run(s), 1 hit(s), 0 error(s), 1 left on base; Minnesota 3 - Manhatten 6 |
TOP OF THE 9TH |
Minnesota Death Stars batting - Pitching for Manhatten Meatheads : RHP Will Tyler
|
Pitching: LHP Aaron Gibbs
|
|
Now at C: Hidalgo García
|
|
Batting: RHB Pat Bray
|
0-0: SINGLE (Groundball, 6MD)
|
Batting: LHB Emílio Montoya
|
0-0: Foul Ball, location: 2F 0-1: Ball 1-1: SINGLE (Groundball, 5D) Pat Bray to second
|
Batting: SHB Jason Mason
|
0-0: Called Strike 0-1: Foul Ball, location: 2F 0-2: Ball 1-2: Strikes out looking
|
Batting: RHB Gabriel Ángel
|
0-0: Called Strike 0-1: Ball 1-1: Ball 2-1: Foul Ball, location: 2F 2-2: Ball 3-2: Strikes out swinging
|
Batting: RHB Mario Solís
|
0-0: Ball 1-0: Called Strike 1-1: Fielders Choice at 2nd, 4-6 (Groundball, 4)
|
Top of the 9th over - 0 run(s), 2 hit(s), 0 error(s), 1 left on base; Minnesota 3 - Manhatten 6 |
|